 Dungeon Crawl Stone Soup version 0.17-a0-1637-g5d65775 (webtiles) character file.

37 urechis the Cudgeler (level 3, 0/23 HPs)
             Began as a Tengu Berserker on Aug 7, 2015.
             Was a Believer of Trog.
             Killed from afar by Jessica (12 damage)
             ... with a wand of flame
             ... on level 2 of the Dungeon.
             The game lasted 00:02:00 (907 turns).

urechis the Cudgeler (Tengu Berserker)               Turns: 907, Time: 00:02:00

Health: 0/23       AC:  6    Str: 17    XL:     3   Next: 41%
Magic:  4/4        EV: 11    Int:  7    God:    Trog [**....]
Gold:   70         SH:  0    Dex: 14    Spells: 0 memorised, 2 levels left

rFire  . . .     SeeInvis .     a - +0 mace
rCold  . . .     Clarity  .     d - +0 ring mail
rNeg   . . .     SustAt   .     (no shield)
rPois  .         Gourm    .     (helmet restricted)
rElec  .         Spirit   .     (no cloak)
rCorr  .         Warding  .     m - +0 pair of gloves (curse)
rMut   .         Stasis   .     (boots unavailable)
MR     .....                    (no amulet)
Stlth  +.........               (no ring)
                                (no ring)

@: not resistant to hostile enchantments, very unstealthy
A: beak, talons 3
a: Burn Spellbooks, Berserk, Trog's Hand, Renounce Religion


You were on level 2 of the Dungeon.
You worshipped Trog.
Trog was pleased with you.
You were not hungry.

You visited 1 branch of the dungeon, and saw 2 of its levels.

You collected 70 gold pieces.

Inventory:

Hand weapons
 a - a +0 mace (weapon)
Armour
 d - a +0 ring mail (worn)
 m - a cursed +0 pair of gloves (worn)
Jewellery
 o - an uncursed amulet of regeneration {unknown}
Magical devices
 q - a wand of random effects (2)
Scrolls
 b - 4 scrolls of remove curse {unknown}
 e - 5 scrolls of teleportation {unknown}
 l - 3 scrolls of amnesia {unknown}
 n - a scroll of recharging {unknown}
Potions
 g - 2 potions of lignification {unknown}
 h - a potion of agility {unknown}
 j - a potion of curing {unknown}
 k - 2 potions of flight {unknown}
Comestibles
 c - a bread ration
 f - 2 fruits
 i - 2 slices of pizza
 p - a beef jerky


   Skills:
 + Level 3.5 Fighting
 * Level 4.2 Maces & Flails
 - Level 2.1 Armour
 - Level 2.1 Dodging


You had 2 spell levels left.
You didn't know any spells.

Dungeon Overview and Level Annotations

Branches:
Dungeon (2/15)

Altars:
Qazlal
Ru

Annotations:
D:2 Jessica


Innate Abilities, Weirdness & Mutations

You have a beak for a mouth.
You have claws for feet.


Message History

Jessica is nearby!
Jessica is nearby!
Jessica is nearby!
Jessica shouts, "You're disturbing me!
I'll have to kill you!"
Jessica zaps a wand.
The puff of flame hits you!
It is a wand of flame.
There is an open door here.
Jessica hits you but does no damage.
You see here 9 gold pieces.
You hit Jessica. You claw Jessica.
Jessica is moderately wounded.
Jessica zaps a wand.
The puff of flame hits you! Jessica hits you but does no damage.
You closely miss Jessica.
Jessica is moderately wounded.
Jessica gestures wildly while chanting.
Jessica blinks!
There is an open door here.
Jessica zaps a wand.
The puff of flame hits you!
Ouch! That really hurt!
You die...

#.)..........).†....#.....###
.#
............†................
..##....###...........###.##
........# #...........#
..####### #..........†#
......# #...........# ......#
#...........# ......#
#..........## ......#
#.....@....# #######
######'###.# #...$# #.#
#.....##.# #.....##.#
#....@##.# #......#.# .
#.%..#.#.# .. #....#.#


You could see Jessica.

Vanquished Creatures
  An ooze (D:1)
  A worm (D:2)
  2 giant geckos
  8 bats
  2 giant cockroaches (D:1)
  2 hobgoblins
  5 giant newts
  3 goblins
  2 kobolds
  4 rats
30 creatures vanquished.

Notes
Turn   | Place    | Note
--------------------------------------------------------------
     0 | D:1      | urechis the Tengu Berserker began the quest for the Orb.
     0 | D:1      | Reached XP level 1. HP: 14/14 MP: 2/2
   186 | D:1      | Reached XP level 2. HP: 14/19 MP: 3/3
   430 | D:1      | Reached skill level 4 in Maces & Flails
   710 | D:2      | Reached XP level 3. HP: 23/23 MP: 4/4
   760 | D:2      | Found a stormy altar of Qazlal.
   815 | D:2      | Acquired Trog's second power
   874 | D:2      | Found a sacrificial altar of Ru.
   901 | D:2      | Noticed Jessica
   907 | D:2      | Killed from afar by Jessica

Vault maps used:
D:1:      saegor_arrival_simple_c, minmay_misc_feat_columns,
          minmay_parallelograms
D:2:      nicolae_qazlal_eye_of_the_storm, lemuel_crystal_altar, uniq_jessica

Action                   || total
-------------------------++-------
Melee: Mace              ||    54
